[Event "Kragero Resort Chess A 2019"]
[Site "Kragero"]
[Date "2019.02.20"]
[Round "1.6"]
[White "Saltvedt, Martin"]
[Black "Notkevich, Benjamin Arvola"]
[Result "0-1"]
[ECO "A80"]
[WhiteElo "2095"]
[BlackElo "2498"]
[Annotator "ChessBase"]
[PlyCount "54"]
[EventDate "2019.02.20"]
[EventType "swiss"]
[EventCountry "NOR"]
[SourceTitle "playchess.com"]
[Source "ChessBase"]
[SourceQuality "1"]
[TimeControl "5400+30"]

1. d4 f5 2. Bg5 g6 3. Nc3 d5 4. h4 Bg7 5. e3 c5 6. Bb5+ Bd7 7. Bxd7+ Qxd7 8. Qf3 e6 9. O-O-O Nc6 10. Nge2 Nf6 11. Bxf6 Bxf6 12. g4 O-O-O 13. dxc5 Ne5 14. Qg3 Nxg4 15. Nd4 Be5 16. f4 Bf6 17. Ncb5 Kb8 18. Rd3 Rc8 19. b4 a5 20. Nd6 axb4 21. Nxc8 Rxc8 22. Rb3 Rxc5 23. Rxb4 Qc8 24. Rb2 Rc3 25. Rd1 Nxe3 26. Qf2 Nxd1 27. Kxd1 Qc5 0-1

[Event "Kragero Resort Chess A 2019"]
[Site "Kragero"]
[Date "2019.02.20"]
[Round "1.10"]
[White "Kvaloy, Aksel Bu"]
[Black "Holm, Kristian Stuvik"]
[Result "0-1"]
[ECO "B30"]
[WhiteElo "2066"]
[BlackElo "2456"]
[Annotator "ChessBase"]
[PlyCount "146"]
[EventDate "2019.02.20"]
[EventType "swiss"]
[EventCountry "NOR"]
[SourceTitle "playchess.com"]
[Source "ChessBase"]
[SourceQuality "1"]
[TimeControl "5400+30"]

1. e4 c5 2. Nf3 Nc6 3. Bb5 Nf6 4. Nc3 Qc7 5. O-O Nd4 6. Re1 e6 7. e5 Ng8 8. Bf1 a6 9. d3 Ne7 10. Bf4 Ng6 11. Bg3 Nf5 12. Ne4 Nxg3 13. Nxg3 Be7 14. c3 d5 15. h4 Bd7 16. h5 Nf8 17. c4 Bc6 18. Nd2 Nd7 19. f4 O-O-O 20. Qe2 Kb8 21. Nf3 f5 22. Nh1 g6 23. Nf2 gxh5 24. Nh3 h6 25. Kh1 Rhg8 26. a3 Rg3 27. Qf2 h4 28. Be2 Rdg8 29. Rg1 Qb6 30. Rab1 dxc4 31. dxc4 Qb3 32. Rgc1 Be4 33. Bd1 Qb6 34. Ra1 Ka7 35. b3 Nb8 36. Ra2 Nc6 37. Rd2 Nd4 38. Rc3 Bxf3 39. Bxf3 Nxf3 40. Rxf3 Rxf3 41. Qxf3 Rg3 42. Qd1 Rxb3 43. Kh2 Rg3 44. Qg1 Qc6 45. Qf2 Rxa3 46. Qe2 Qe8 47. Qf2 Kb8 48. Qg1 Kc8 49. Qd1 Qg6 50. Rd3 Rxd3 51. Qxd3 Qg3+ 52. Qxg3 hxg3+ 53. Kxg3 b5 54. Kf3 Kc7 55. Ke3 Kb6 56. Kd3 Ka5 57. Kc3 Ka4 58. Nf2 Ka3 59. Nd3 h5 60. g3 b4+ 61. Kc2 b3+ 62. Kb1 a5 63. Ka1 b2+ 64. Nxb2 Kb3 65. Kb1 a4 66. Nd3 Kxc4 67. Kc2 a3 68. Ne1 Kd4 69. Nf3+ Ke3 70. Ng5 c4 71. Nxe6 a2 72. Kb2 c3+ 73. Kxa2 c2 0-1

[Event "Kragero Resort Chess A 2019"]
[Site "Kragero"]
[Date "2019.02.20"]
[Round "1.11"]
[White "Beerdsen, Thomas"]
[Black "Fossan, Aleksander"]
[Result "1-0"]
[ECO "B27"]
[WhiteElo "2454"]
[BlackElo "2040"]
[Annotator "ChessBase"]
[PlyCount "111"]
[EventDate "2019.02.20"]
[EventType "swiss"]
[EventCountry "NOR"]
[SourceTitle "playchess.com"]
[Source "ChessBase"]
[SourceQuality "1"]
[TimeControl "5400+30"]

1. e4 c5 2. Nf3 g6 3. d4 cxd4 4. Qxd4 Nf6 5. Nc3 Nc6 6. Qa4 d6 7. e5 dxe5 8. Nxe5 Bd7 9. Nxd7 Qxd7 10. Be3 Bg7 11. Rd1 Qc8 12. Be2 O-O 13. O-O a6 14. Rfe1 b5 15. Qh4 Qc7 16. Bf4 Qb6 17. Bf3 Rad8 18. Be3 Qc7 19. Qg3 Qxg3 20. hxg3 Ne5 21. Bb7 b4 22. Na4 Rxd1 23. Rxd1 a5 24. Bc5 Re8 25. b3 e6 26. Bb6 Bf8 27. Bxa5 Rb8 28. Bc7 Rxb7 29. Bxe5 Nd5 30. c4 bxc3 31. Nxc3 Nxc3 32. Bxc3 Be7 33. Rb1 Rc7 34. Be1 Ba3 35. b4 Rc2 36. b5 Rxa2 37. b6 Rb2 38. Rxb2 Bxb2 39. b7 Be5 40. Bc3 Bb8 41. f4 Kf8 42. Be5 Ba7+ 43. Kf1 Ke7 44. b8=R Bxb8 45. Bxb8 h5 46. Be5 Kd7 47. Ke2 Kc6 48. Kd3 Kd5 49. Bf6 Kc5 50. Ke4 Kc4 51. Ba1 f5+ 52. Ke5 Kd3 53. Kf6 Ke2 54. Kxg6 Kf2 55. Kxh5 Kxg3 56. Be5 1-0

[Event "Kragero Resort Chess A 2019"]
[Site "Kragero"]
[Date "2019.02.20"]
[Round "1.12"]
[White "Flasen, Aleksander"]
[Black "Thorfinnsson, Bragi"]
[Result "0-1"]
[ECO "B29"]
[WhiteElo "2036"]
[BlackElo "2438"]
[Annotator "NA RC"]
[PlyCount "100"]
[EventDate "2019.02.20"]
[EventType "swiss"]
[EventCountry "NOR"]
[SourceTitle "playchess.com"]
[Source "ChessBase"]
[SourceQuality "1"]
[TimeControl "5400+30"]

1. e4 c5 2. Nf3 Nf6 3. e5 Nd5 4. Nc3 e6 5. Nxd5 exd5 6. d4 Nc6 7. dxc5 Bxc5 8. Be2 d6 9. exd6 Qxd6 10. O-O O-O 11. a3 a5 12. b3 Re8 13. Bb2 Bg4 14. Re1 Rad8 15. Qd2 h6 16. Nh4 Rxe2 17. Rxe2 Bxe2 18. Qxe2 d4 19. Re1 d3 20. Qg4 Nd4 21. cxd3 Bxa3 22. Ba1 Bb4 23. Rc1 Qe6 24. Qxe6 Nxe6 25. Rd1 Nc5 26. Nf5 f6 27. Nd4 Kf7 28. Kf1 Re8 29. Nf3 Nxb3 30. Bb2 Rc8 31. Nd4 Nxd4 32. Bxd4 b5 33. Ke2 Ke6 34. Rb1 Rc2+ 35. Kf3 Kd5 36. Be3 Rc3 37. Ke2 Kc6 38. d4 Kd5 39. Rb2 Rc4 40. Kd3 f5 41. g3 a4 42. h4 a3 43. Rb1 a2 44. Ra1 Rc3+ 45. Ke2 Ra3 46. Bc1 Bc3 47. Bxa3 Bxa1 48. Kd3 Bxd4 49. Bf8 a1=Q 50. Bxg7 Qd1# 0-1

[Event "Kragero Resort Chess A 2019"]
[Site "Kragero"]
[Date "2019.02.20"]
[Round "1.13"]
[White "Mikalsen, Erlend"]
[Black "Holand, Per Fredrik"]
[Result "1-0"]
[ECO "B66"]
[WhiteElo "2406"]
[BlackElo "2024"]
[Annotator "NA"]
[PlyCount "41"]
[EventDate "2019.02.20"]
[EventType "swiss"]
[EventCountry "NOR"]
[SourceTitle "playchess.com"]
[Source "ChessBase"]
[SourceQuality "1"]
[TimeControl "5400+30"]

1. e4 c5 2. Nf3 Nc6 3. d4 cxd4 4. Nxd4 Nf6 5. Nc3 d6 6. Bg5 e6 7. Qd2 a6 8. O-O-O h6 9. Nxc6 bxc6 10. Bf4 d5 11. Qe3 Qa5 12. Be2 Bb4 13. Be5 dxe4 14. Qg3 Nd5 15. Qxg7 Rf8 16. Nxe4 Qxa2 17. c4 Bd7 18. Nd6+ Bxd6 19. Bxd6 Ne7 20. Qf6 Ng6 21. Bd3 1-0

[Event "Kragero Resort Chess A 2019"]
[Site "Kragero"]
[Date "2019.02.20"]
[Round "1.14"]
[White "Holleland, Sigve"]
[Black "Kjartansson, Gudmundur"]
[Result "0-1"]
[ECO "D02"]
[WhiteElo "2009"]
[BlackElo "2403"]
[Annotator "NA"]
[PlyCount "48"]
[EventDate "2019.02.20"]
[EventType "swiss"]
[EventCountry "NOR"]
[SourceTitle "playchess.com"]
[Source "ChessBase"]
[SourceQuality "1"]
[TimeControl "5400+30"]

1. d4 d5 2. Bf4 Nf6 3. e3 e6 4. Be2 c5 5. c3 Nc6 6. Nf3 Bd6 7. Bg3 Ne4 8. Bh4 Qb6 9. Qb3 Qc7 10. Nbd2 c4 11. Qc2 f5 12. Bg3 O-O 13. Nxe4 fxe4 14. Nd2 e5 15. f3 exd4 16. Bxd6 Qxd6 17. exd4 Qg6 18. fxe4 Qxg2 19. Rf1 Bg4 20. Rxf8+ Rxf8 21. Bxg4 Qg1+ 22. Ke2 Rf2+ 23. Ke3 Rf1+ 24. Ke2 Qf2# 0-1

[Event "Kragero Resort Chess A 2019"]
[Site "Kragero"]
[Date "2019.02.20"]
[Round "1.15"]
[White "Getz, Nicolai"]
[Black "Stray, Gunnar"]
[Result "1-0"]
[ECO "B41"]
[WhiteElo "2398"]
[BlackElo "1994"]
[Annotator "NA"]
[PlyCount "33"]
[EventDate "2019.02.20"]
[EventType "swiss"]
[EventCountry "NOR"]
[SourceTitle "playchess.com"]
[Source "ChessBase"]
[SourceQuality "1"]
[TimeControl "5400+30"]

1. e4 c5 2. Nf3 e6 3. d4 cxd4 4. Nxd4 a6 5. c4 Qc7 6. Nc3 Nc6 7. Be2 Nf6 8. O-O Nxd4 9. Qxd4 Bd6 10. Kh1 Bf4 11. Bxf4 Qxf4 12. g3 Qc7 13. e5 Ng8 14. Ne4 Ke7 15. Nd6 Qc6+ 16. Kg1 b6 17. Qf4 1-0

[Event "Kragero Resort Chess A 2019"]
[Site "Kragero"]
[Date "2019.02.20"]
[Round "1.16"]
[White "Sebastian, Andreas"]
[Black "Heimisson, Hilmir Freyr"]
[Result "0-1"]
[ECO "D00"]
[WhiteElo "1962"]
[BlackElo "2394"]
[Annotator "NA"]
[PlyCount "88"]
[EventDate "2019.02.20"]
[EventType "swiss"]
[EventCountry "NOR"]
[SourceTitle "playchess.com"]
[Source "ChessBase"]
[SourceQuality "1"]
[TimeControl "5400+30"]

1. d4 Nf6 2. Nc3 d5 3. Bf4 c5 4. e4 Nxe4 5. Nxe4 dxe4 6. d5 Qb6 7. Ne2 Nd7 8. Nc3 a6 9. Qd2 Qxb2 10. Rb1 Qa3 11. Bc7 c4 12. Nxe4 Qxa2 13. Nc3 Qa3 14. Bf4 g6 15. Qd4 Nf6 16. d6 Bg7 17. Be5 O-O 18. Nd5 Qa5+ 19. Nc3 Re8 20. Be2 Nh5 21. Bxg7 Nxg7 22. O-O exd6 23. Bxc4 Nf5 24. Qd5 Qxd5 25. Nxd5 Rd8 26. Nb6 Rb8 27. Rfe1 Kf8 28. Re4 Ng7 29. Nd5 Be6 30. Rb6 Rbc8 31. Bb3 Bxd5 32. Bxd5 Rxc2 33. g3 Rc5 34. Bxb7 d5 35. Re1 a5 36. Rd1 Rb8 37. Rc6 Rb5 38. Ba6 Rb1 39. Rxb1 Rxb1+ 40. Kg2 d4 41. Rc5 Ra1 42. Kf3 Ne6 43. Re5 Ra3+ 44. Ke4 f5+ 0-1

[Event "Kragero Resort Chess A 2019"]
[Site "Kragero"]
[Date "2019.02.20"]
[Round "1.17"]
[White "Kaasen, Tor Fredrik"]
[Black "Shehzad, Shazil"]
[Result "1-0"]
[ECO "B42"]
[WhiteElo "2387"]
[BlackElo "1959"]
[Annotator "NA"]
[PlyCount "69"]
[EventDate "2019.02.20"]
[EventType "swiss"]
[EventCountry "NOR"]
[SourceTitle "playchess.com"]
[Source "ChessBase"]
[SourceQuality "1"]
[TimeControl "5400+30"]

1. e4 c5 2. Nf3 e6 3. d4 cxd4 4. Nxd4 a6 5. Bd3 Ne7 6. O-O Nec6 7. Be3 Nxd4 8. Bxd4 Nc6 9. Be3 Be7 10. c4 Qc7 11. Nc3 Ne5 12. Na4 Nxd3 13. Qxd3 O-O 14. Rac1 d6 15. Nb6 Rb8 16. Rfd1 Rd8 17. b4 Bd7 18. a4 Be8 19. a5 h6 20. h3 Qc6 21. Bf4 Bg5 22. Bxg5 hxg5 23. Rc2 f6 24. Rcd2 Bg6 25. f3 Kf7 26. Qe3 Ke7 27. Rd4 Bf7 28. Qd2 Qc7 29. Qf2 Qc6 30. Qg3 Bg8 31. h4 gxh4 32. Qxg7+ Bf7 33. c5 Rg8 34. cxd6+ Ke8 35. Qxf6 1-0

[Event "Kragero Resort Chess A 2019"]
[Site "Kragero"]
[Date "2019.02.20"]
[Round "1.18"]
[White "Harstad, Christian"]
[Black "Ragnarsson, Dagur"]
[Result "0-1"]
[ECO "D91"]
[WhiteElo "1948"]
[BlackElo "2361"]
[Annotator "NA"]
[PlyCount "56"]
[EventDate "2019.02.20"]
[EventType "swiss"]
[EventCountry "NOR"]
[SourceTitle "playchess.com"]
[Source "ChessBase"]
[SourceQuality "1"]
[TimeControl "5400+30"]

1. d4 Nf6 2. c4 g6 3. Nc3 d5 4. Nf3 Bg7 5. Bg5 dxc4 6. e4 c6 7. Bxc4 b5 8. Bd3 O-O 9. h3 h6 10. Be3 Nfd7 11. e5 Nb6 12. Qd2 Kh7 13. h4 h5 14. Ng5+ Kg8 15. e6 f5 16. g4 hxg4 17. h5 Qd6 18. hxg6 Bxe6 19. Bf4 Qd7 20. Rh7 Rf6 21. Rxg7+ Kxg7 22. Be5 Na6 23. O-O-O Rh8 24. Re1 Bc4 25. Nh7 Nb4 26. Rh1 Nxd3+ 27. Kb1 f4 28. b3 Nxe5 0-1

[Event "Kragero Resort Chess A 2019"]
[Site "Kragero"]
[Date "2019.02.20"]
[Round "1.19"]
[White "Mihajlov, Sebastian"]
[Black "Schouten, Mathias Lind"]
[Result "1-0"]
[ECO "A57"]
[WhiteElo "2357"]
[BlackElo "1943"]
[Annotator "NA"]
[PlyCount "131"]
[EventDate "2019.02.20"]
[EventType "swiss"]
[EventCountry "NOR"]
[SourceTitle "playchess.com"]
[Source "ChessBase"]
[SourceQuality "1"]
[TimeControl "5400+30"]

1. d4 Nf6 2. c4 c5 3. d5 b5 4. cxb5 a6 5. f3 axb5 6. e4 Qa5+ 7. Bd2 b4 8. Na3 Ba6 9. Nc4 Bxc4 10. Bxc4 Qc7 11. Ne2 d6 12. O-O Nbd7 13. Ng3 g6 14. f4 Bg7 15. Bb5 O-O 16. Bc6 Ra7 17. Qb3 Nb8 18. Bb5 Qb6 19. Bc4 Nbd7 20. Kh1 Rfa8 21. Rfe1 Ne8 22. Ne2 Nc7 23. Be3 Qa5 24. Qc2 Nb6 25. Bb3 Nb5 26. e5 Rc7 27. Qe4 Nd7 28. e6 f5 29. Qc2 Nb6 30. Rac1 c4 31. Bxb6 Qxb6 32. Bxc4 Rac8 33. Qb3 Bxb2 34. Rc2 Nd4 35. Nxd4 Bxd4 36. Rb1 Rb8 37. Bd3 Rc3 38. Rxc3 bxc3 39. Qxb6 Rxb6 40. Rxb6 Bxb6 41. g3 Kf8 42. Kg2 Ke8 43. Kf3 h5 44. h3 Bd4 45. a4 Kd8 46. a5 Kc7 47. Ke2 Kb7 48. Kf3 c2 49. Bxc2 Ka6 50. Ba4 Kxa5 51. Be8 Kb4 52. Bxg6 Kc5 53. Bxh5 Kxd5 54. Bf7 Bf6 55. g4 fxg4+ 56. hxg4 Kc5 57. g5 Bh8 58. Kg4 d5 59. Kh5 d4 60. f5 d3 61. Kh6 Kd6 62. Bh5 Ke5 63. Kg6 d2 64. Bd1 Kd6 65. Kf7 Ke5 66. f6 1-0

[Event "Kragero Resort Chess A 2019"]
[Site "Kragero"]
[Date "2019.02.20"]
[Round "1.20"]
[White "Gudmundsson, Bjorgvin S"]
[Black "Miedema, David"]
[Result "0-1"]
[ECO "D44"]
[WhiteElo "1941"]
[BlackElo "2356"]
[Annotator "NA"]
[PlyCount "63"]
[EventDate "2019.02.20"]
[EventType "swiss"]
[EventCountry "NOR"]
[SourceTitle "playchess.com"]
[Source "ChessBase"]
[SourceQuality "1"]
[TimeControl "5400+30"]

1. d4 Nf6 2. Nf3 d5 3. c4 e6 4. Nc3 Bb4 5. Bg5 dxc4 6. e3 b5 7. a4 c6 8. Be2 Nbd7 9. Qc2 Bb7 10. O-O a6 11. Rfd1 h6 12. Bh4 Qb6 13. b3 cxb3 14. Qxb3 Bxc3 15. Qxc3 b4 16. a5 bxc3 17. axb6 c5 18. Rdc1 Nd5 19. e4 N5xb6 20. Rxc3 cxd4 21. Nxd4 Bxe4 22. Rxa6 O-O 23. Rca3 Rfc8 24. Rxa8 Bxa8 25. Ra1 Nd5 26. Bg3 Nc3 27. Ba6 Rc5 28. h3 e5 29. Nf5 Be4 30. Nd6 Bd5 31. Nf5 Be6 32. Ne3 0-1

[Event "Kragero Resort Chess A 2019"]
[Site "Kragero"]
[Date "2019.02.20"]
[Round "1.21"]
[White "Tryggestad, Andreas Garberg"]
[Black "Tunsjo, Axel"]
[Result "1-0"]
[ECO "B50"]
[WhiteElo "2351"]
[BlackElo "1937"]
[Annotator "NA"]
[PlyCount "81"]
[EventDate "2019.02.20"]
[EventType "swiss"]
[EventCountry "NOR"]
[SourceTitle "playchess.com"]
[Source "ChessBase"]
[SourceQuality "1"]
[TimeControl "5400+30"]

1. e4 c5 2. Nf3 e6 3. b3 d6 4. c4 Nf6 5. Nc3 Nc6 6. Bb2 e5 7. d3 Be7 8. g3 O-O 9. Bg2 Be6 10. O-O h6 11. h3 Qd7 12. Kh2 Nh7 13. Nd2 Ng5 14. f4 exf4 15. gxf4 Nxh3 16. f5 Ng5 17. fxe6 fxe6 18. Ne2 Rxf1 19. Nxf1 Rf8 20. Nfg3 Rf2 21. Kg1 Rf7 22. Qd2 Nf3+ 23. Bxf3 Rxf3 24. Rf1 Bg5 25. Qd1 Qf7 26. Kg2 Rxf1 27. Qxf1 Qxf1+ 28. Kxf1 Nb4 29. d4 Nxa2 30. dxc5 dxc5 31. Nh5 g6 32. Nhf4 Kf7 33. Nd3 b6 34. Ne5+ Ke8 35. Nxg6 Nb4 36. Bc3 Nc6 37. Kg2 Kf7 38. Ne5+ Nxe5 39. Bxe5 Ke7 40. Bb8 Kd7 41. Bf4 1-0

[Event "Kragero Resort Chess A 2019"]
[Site "Kragero"]
[Date "2019.02.20"]
[Round "1.22"]
[White "Boe, Oeyvind"]
[Black "Vestby-Ellingsen, Mads"]
[Result "0-1"]
[ECO "D78"]
[WhiteElo "1908"]
[BlackElo "2343"]
[Annotator "NA"]
[PlyCount "88"]
[EventDate "2019.02.20"]
[EventType "swiss"]
[EventCountry "NOR"]
[SourceTitle "playchess.com"]
[Source "ChessBase"]
[SourceQuality "1"]
[TimeControl "5400+30"]

1. d4 Nf6 2. Nf3 g6 3. g3 Bg7 4. Bg2 d5 5. c4 dxc4 6. Qa4+ Nbd7 7. Qxc4 O-O 8. O-O Nb6 9. Qb3 Be6 10. Qc2 Bf5 11. Qb3 Be6 12. Qc2 Bf5 13. Qb3 c6 14. Nc3 Ne4 15. Nh4 Nxc3 16. bxc3 Be6 17. Qc2 Bc4 18. Nf3 Re8 19. Rd1 Nd7 20. Rb1 Qc7 21. Bf4 e5 22. dxe5 Nxe5 23. Rd4 Ba6 24. Nxe5 Bxe5 25. e3 Qa5 26. Bxe5 Rxe5 27. Rbd1 Rc5 28. c4 Re8 29. Bf1 Rce5 30. Qb3 Qc5 31. Rd7 h5 32. h4 Rxe3 33. fxe3 Rxe3 34. Rd8+ Kh7 35. Rh8+ Kxh8 36. Qb2+ Kh7 37. Kh2 Qe7 38. Qf2 b6 39. Rd4 Bc8 40. Qd2 Bf5 41. Qf2 Qe5 42. Rd8 Kg7 43. Ra8 Rc3 44. Rxa7 Rc2 0-1

[Event "Kragero Resort Chess A 2019"]
[Site "Kragero"]
[Date "2019.02.20"]
[Round "1.23"]
[White "Gharibyan, Mamikon"]
[Black "Fivelstad, Jon Olav"]
[Result "1-0"]
[ECO "A15"]
[WhiteElo "2318"]
[BlackElo "1900"]
[Annotator "NA"]
[PlyCount "99"]
[EventDate "2019.02.20"]
[EventType "swiss"]
[EventCountry "NOR"]
[SourceTitle "playchess.com"]
[Source "ChessBase"]
[SourceQuality "1"]
[TimeControl "5400+30"]

1. Nf3 Nf6 2. c4 g6 3. b4 Bg7 4. Bb2 O-O 5. g3 c6 6. Bg2 d5 7. cxd5 cxd5 8. O-O Qb6 9. a3 Ne4 10. Bxg7 Kxg7 11. d3 Nf6 12. Nc3 Nc6 13. Qb3 Rd8 14. Na4 Qc7 15. Rac1 Qd6 16. Qc3 a6 17. Nc5 Kg8 18. Nd2 Na7 19. Ncb3 Bd7 20. Qc5 Bc6 21. Qxd6 Rxd6 22. Nc5 Nb5 23. Ra1 Nc3 24. Rfe1 Na4 25. Ndb3 Nxc5 26. bxc5 Rdd8 27. Na5 Rab8 28. Reb1 Rbc8 29. d4 Re8 30. Nxb7 Bb5 31. e3 Rc7 32. Na5 e5 33. a4 Bd3 34. Rb6 Kg7 35. Rb7 Rxb7 36. Nxb7 exd4 37. exd4 Ne4 38. Rc1 Re7 39. Bxe4 Bxe4 40. Nd6 Bf3 41. c6 Bg4 42. c7 Re2 43. c8=Q Bxc8 44. Rxc8 Rd2 45. Rc6 Rxd4 46. Rxa6 Rb4 47. Kf1 Rb2 48. a5 d4 49. Nc4 Rc2 50. Ne5 1-0

[Event "Kragero Resort Chess A 2019"]
[Site "Kragero"]
[Date "2019.02.20"]
[Round "1.24"]
[White "Unneland, Mathias"]
[Black "Hobber, Anders"]
[Result "1-0"]
[ECO "D15"]
[WhiteElo "1890"]
[BlackElo "2312"]
[Annotator "NA"]
[PlyCount "91"]
[EventDate "2019.02.20"]
[EventType "swiss"]
[EventCountry "NOR"]
[SourceTitle "playchess.com"]
[Source "ChessBase"]
[SourceQuality "1"]
[TimeControl "5400+30"]

1. d4 d5 2. c4 c6 3. Nc3 Nf6 4. Nf3 a6 5. e3 Bf5 6. Be2 e6 7. O-O Nbd7 8. Bd2 Bd6 9. Rc1 h6 10. Qb3 Rb8 11. cxd5 exd5 12. Na4 Qe7 13. Nb6 Nxb6 14. Qxb6 Ne4 15. Ba5 O-O 16. a3 Bg4 17. h3 Bh5 18. Rce1 Rfe8 19. Nd2 Bxe2 20. Rxe2 Nxd2 21. Bxd2 Qd7 22. Ba5 Re6 23. Qb3 Rbe8 24. Rfe1 Bb8 25. Qd3 Qd6 26. g3 Re4 27. Rf1 h5 28. Be1 Qe6 29. Kg2 h4 30. Bd2 hxg3 31. fxg3 g6 32. Rf3 f5 33. Ref2 Qf6 34. h4 Rg4 35. h5 Qh4 36. hxg6 Rxg3+ 37. Rxg3 Bxg3 38. Rxf5 Qh2+ 39. Kf1 Re4 40. Rf7 Bh4 41. Bb4 Qh3+ 42. Ke2 Bg5 43. Bd2 Qh5+ 44. Rf3 Rg4 45. Qf5 Rg2+ 46. Kd3 1-0

[Event "Kragero Resort Chess A 2019"]
[Site "Kragero"]
[Date "2019.02.20"]
[Round "1.25"]
[White "Ingebretsen, Jens E"]
[Black "Kreken, Eivind Grunt"]
[Result "1-0"]
[ECO "B07"]
[WhiteElo "2297"]
[BlackElo "1887"]
[Annotator "NA"]
[PlyCount "155"]
[EventDate "2019.02.20"]
[EventType "swiss"]
[EventCountry "NOR"]
[SourceTitle "playchess.com"]
[Source "ChessBase"]
[SourceQuality "1"]
[TimeControl "5400+30"]

1. e4 d6 2. d4 Nf6 3. Bd3 g6 4. Nf3 Bg7 5. c3 O-O 6. O-O c5 7. Nbd2 cxd4 8. cxd4 Nc6 9. d5 Nb4 10. Nb3 e6 11. dxe6 Bxe6 12. Bg5 h6 13. Bf4 Nh5 14. Be3 Rc8 15. Nfd4 Nxd3 16. Nxe6 Nxb2 17. Nxd8 Nxd1 18. Raxd1 Rcxd8 19. Bxa7 Ra8 20. Be3 Ra6 21. Rd2 Rfa8 22. Rfd1 Bf8 23. Nc1 Nf6 24. f3 Nd7 25. Rb2 b6 26. Rd5 Ra5 27. Rdb5 Rxb5 28. Rxb5 Ra5 29. Rxa5 bxa5 30. a4 Nc5 31. Bxc5 dxc5 32. Kf1 c4 33. Ke2 Bg7 34. Kd2 Kf8 35. Ne2 Ke7 36. Nc3 Kd6 37. Kc2 Kc5 38. Nd5 h5 39. h3 c3 40. Kb3 Kd4 41. Nxc3 Ke3 42. Nd1+ Kd2 43. Nb2 Bxb2 44. Kxb2 Ke2 45. Kc3 Kf2 46. Kc4 Kxg2 47. Kb5 Kxh3 48. Kxa5 Kg2 49. Kb6 h4 50. a5 h3 51. a6 h2 52. a7 h1=Q 53. a8=Q Qb1+ 54. Kc7 Qc2+ 55. Kd6 Kxf3 56. e5+ Qe4 57. Qa3+ Kg4 58. Qc5 Kf4 59. Qf2+ Qf3 60. Qh4+ Qg4 61. Qf2+ Qf3 62. Qh2+ Qg3 63. Qh6+ Qg5 64. Qh8 Kf5 65. Qc8+ Kf4 66. Qc4+ Kf3 67. Qxf7+ Ke4 68. Qc4+ Kf3 69. Qd3+ Kf2 70. Qc2+ Kf3 71. Qc6+ Kf2 72. e6 Qd8+ 73. Qd7 Qb6+ 74. Ke7 Qb4+ 75. Ke8 Qb8+ 76. Qd8 Qb5+ 77. Kf7 Qf5+ 78. Qf6 1-0

[Event "Kragero Resort Chess A 2019"]
[Site "Kragero"]
[Date "2019.02.20"]
[Round "1.26"]
[White "Albzour, Abdalsalam"]
[Black "Khachatryan, Vahagn"]
[Result "0-1"]
[ECO "C47"]
[WhiteElo "1869"]
[BlackElo "2274"]
[Annotator "NA"]
[PlyCount "75"]
[EventDate "2019.02.20"]
[EventType "swiss"]
[EventCountry "NOR"]
[SourceTitle "playchess.com"]
[Source "ChessBase"]
[SourceQuality "1"]
[TimeControl "5400+30"]

1. e4 Nf6 2. Nc3 e5 3. Nf3 Nc6 4. d4 exd4 5. Nxd4 Bb4 6. f3 O-O 7. a3 Bxc3+ 8. bxc3 d5 9. Nxc6 bxc6 10. Bg5 h6 11. Bxf6 Qxf6 12. Qd4 Qg5 13. Bd3 dxe4 14. fxe4 Rd8 15. Qf2 Be6 16. O-O Qe5 17. Qe1 Rab8 18. Kh1 c5 19. c4 Rb6 20. Qa5 a6 21. Rab1 Rdb8 22. Rxb6 Rxb6 23. Qa4 Kf8 24. Qa5 Qd4 25. Qa4 Qc3 26. Rd1 Ke7 27. Be2 Rd6 28. Rf1 Bd7 29. Qb3 Qxb3 30. cxb3 Rd2 31. Bd1 Ra2 32. a4 Bc6 33. Re1 Ke6 34. Kg1 Rb2 35. g3 Ke5 36. Rf1 Rb1 37. Re1 Bxe4 38. Rxe4+ 0-1

[Event "Kragero Resort Chess A 2019"]
[Site "Kragero"]
[Date "2019.02.20"]
[Round "1.27"]
[White "Stefansson, Vignir Vatnar"]
[Black "Nilsen, Jarle"]
[Result "1-0"]
[ECO "A25"]
[WhiteElo "2263"]
[BlackElo "1845"]
[Annotator "NA"]
[PlyCount "67"]
[EventDate "2019.02.20"]
[EventType "swiss"]
[EventCountry "NOR"]
[SourceTitle "playchess.com"]
[Source "ChessBase"]
[SourceQuality "1"]
[TimeControl "5400+30"]

1. c4 e5 2. Nc3 Nc6 3. g3 f5 4. Bg2 Nf6 5. e3 d5 6. Nxd5 Nxd5 7. cxd5 Nb4 8. d3 Nxd5 9. Nf3 Bd6 10. O-O Qe7 11. e4 fxe4 12. Ng5 Nf6 13. Nxe4 Nxe4 14. Bxe4 O-O 15. Bxb7 Bxb7 16. Qb3+ Kh8 17. Qxb7 Bc5 18. Be3 Rab8 19. Qe4 Rxb2 20. Rac1 Bb6 21. d4 Rxa2 22. dxe5 Qe6 23. Rc6 Qh3 24. e6 Rfxf2 25. Rxf2 Ra1+ 26. Rc1 Rxc1+ 27. Bxc1 Bxf2+ 28. Kxf2 Qxh2+ 29. Qg2 Qxg2+ 30. Kxg2 Kg8 31. Ba3 g5 32. g4 Kg7 33. e7 Kf7 34. Kf3 1-0

[Event "Kragero Resort Chess A 2019"]
[Site "Kragero"]
[Date "2019.02.20"]
[Round "1.28"]
[White "Aarnes, Eirik"]
[Black "Mashinskaya, Iulia"]
[Result "1/2-1/2"]
[ECO "B48"]
[WhiteElo "1843"]
[BlackElo "2261"]
[Annotator "NA"]
[PlyCount "58"]
[EventDate "2019.02.20"]
[EventType "swiss"]
[EventCountry "NOR"]
[SourceTitle "playchess.com"]
[Source "ChessBase"]
[SourceQuality "1"]
[TimeControl "5400+30"]

1. e4 c5 2. Nf3 Nc6 3. d4 cxd4 4. Nxd4 Qc7 5. Be3 Nf6 6. Nc3 e6 7. Bd3 a6 8. O-O b5 9. Re1 Be7 10. Nxc6 dxc6 11. e5 Nd5 12. Qg4 g6 13. Bg5 Nxc3 14. bxc3 Bb7 15. a4 Rd8 16. Bh6 Rd5 17. Qh3 Rg8 18. Be4 Rd7 19. Bd3 b4 20. Bd2 bxc3 21. Bxc3 h5 22. Rab1 c5 23. Qe3 Qd8 24. Rxb7 Rxb7 25. Bxa6 Rb8 26. Bb5+ Kf8 27. Qh6+ Rg7 28. Qh8+ Rg8 29. Qh6+ Rg7 1/2-1/2

[Event "Kragero Resort Chess A 2019"]
[Site "Kragero"]
[Date "2019.02.20"]
[Round "1.29"]
[White "Sgircea, Silvia-Raluca"]
[Black "Mkrtchyan, Anahit D."]
[Result "1-0"]
[ECO "E18"]
[WhiteElo "2251"]
[BlackElo "1841"]
[Annotator "NA"]
[PlyCount "111"]
[EventDate "2019.02.20"]
[EventType "swiss"]
[EventCountry "NOR"]
[SourceTitle "playchess.com"]
[Source "ChessBase"]
[SourceQuality "1"]
[TimeControl "5400+30"]

1. Nf3 Nf6 2. c4 e6 3. g3 d5 4. Bg2 Be7 5. O-O O-O 6. Qc2 Nbd7 7. d4 b6 8. Bf4 c5 9. cxd5 exd5 10. Nc3 Bb7 11. Rfd1 Qc8 12. Bh3 Rd8 13. Rac1 Qc6 14. a4 Bd6 15. Bg5 Be7 16. Nh4 cxd4 17. Nf5 Bc5 18. Nxd4 Qd6 19. Nf5 Qf8 20. Bg2 h6 21. Be3 Ne5 22. Bd4 Qe8 23. Qb3 Qe6 24. Bxc5 Qxf5 25. Bd4 Ne4 26. Nxe4 dxe4 27. h3 Rac8 28. Be3 Ba6 29. Rxd8+ Rxd8 30. Qc2 Bb7 31. Qc7 Rd7 32. Qb8+ Kh7 33. Qxa7 Bd5 34. Qxb6 Rb7 35. Qd4 Nc6 36. Qd2 Qe5 37. Rc5 Ne7 38. Bd4 Qe6 39. b4 f5 40. Bc3 Rd7 41. Qd4 Nc6 42. Qe3 Bb3 43. b5 Ne7 44. a5 Nd5 45. Qd4 Nf4 46. Qe3 Rd1+ 47. Kh2 Nd5 48. Rxd5 Bxd5 49. Qf4 Qd7 50. Qe5 Bc4 51. b6 Rd5 52. Qf4 Bxe2 53. g4 g5 54. Qb8 Ba6 55. Qh8+ Kg6 56. Qg8+ 1-0